 Dungeon Crawl Stone Soup version 0.31-a0-867-g9b2fd80f0c (webtiles) character file.

Game seed: 6505279381263199855

585 CoinPitGoblin the Ruffian (level 7, 0/55 HPs)
             Began as a Black Draconian Shapeshifter on Oct 11, 2023.
             Slain by an ice beast (10 damage)
             ... on level 5 of the Dungeon.
             The game lasted 00:08:50 (3359 turns).

CoinPitGoblin the Ruffian (DrSh)                    Turns: 3359, Time: 00:08:51

Health: 0/55       AC:  6    Str: 25    XL:     7   Next: 14%
Magic:  7/7        EV: 12    Int: 10    God:
Gold:   195        SH:  0    Dex: 10    Spells: 6/6 levels left

rFire   . .          .
                       - Unarmed
rCold   . . .        (no shield)
rNeg    . . .        (body armour unavailable)
rPois   .            (helmet currently unavailable)
rElec   +            (cloak currently unavailable)
rCorr   .            (gloves currently unavailable)
SInv    .            (boots currently unavailable)
Will    .....        (no amulet)
Stlth   +            j - +6 ring of strength
HPRegen 0.29/turn    (no ring)
MPRegen 0.10/turn

%: no passive effects
@: short of breath, beast-form, slowed, very slow
A: beast (slay +2), breathe lightning, AC +6, unfitting armour, electricity
resistance, cold-blooded
a: Breathe Lightning, Begin Untransformation


You were on level 5 of the Dungeon.
You were a hulking beast.
You visited 1 branch of the dungeon, and saw 5 of its levels.

You collected 195 gold pieces.

Inventory:

Hand Weapons
 q - a +4 sling
Jewellery
 j - a +6 ring of strength (left hand)
Talismans
 b - a beast talisman (active)
 c - a flux talisman
Wands
 d - a wand of polymorph (5)
 g - a wand of acid (8)
Scrolls
 e - a scroll of enchant armour
 i - 3 scrolls of fog
 n - a scroll of torment {unknown}
 o - a scroll of enchant weapon
 r - 2 scrolls of teleportation
Potions
 a - 2 potions of lignification
 f - 3 potions of mutation
 h - 2 potions of might
 k - a potion of magic {unknown}
 l - a potion of heal wounds {unknown}
 m - 2 potions of curing {unknown}
 p - a potion of ambrosia {unknown}


   Skills:
 + Level 2.0 Fighting
 + Level 3.2 Dodging
 + Level 6.6 Unarmed Combat
 + Level 4.3 Shapeshifting


You had 6 spell levels left.
You didn't know any spells.
Your spell library contained the following spells:

 Spells                   Type           Power      Damage    Failure   Level
 Magic Dart               Conj           0%         1d3       36%         1
 Call Imp                 Summ           0%         N/A       50%         2
 Scorch                   Fire           0%         2d5       50%         2
 Static Discharge         Conj/Air       0%         2-2/arc   50%         2
 Sublimation of Blood     Necr           0%         N/A       50%         2
 Gell's Gravitas          Tloc           0%         N/A       75%         3
 Mephitic Cloud           Conj/Pois/Air  0%         N/A       75%         3
 Teleport Other           Tloc           0%         N/A       75%         3
 Airstrike                Air            0%         2d(0-16)  98%         4
 Flame Wave               Conj/Fire      0%         2d4       98%         4
 Petrify                  Tmut/Erth      0%         N/A       98%         4
 Summon Lightning Spire   Summ/Air       0%         N/A       98%         4
 Irradiate                Conj/Tmut      0%         3d11      100%        5
 Dispersal                Tloc           0%         N/A       100%        6
 Summon Cactus Giant      Summ           0%         N/A       100%        6


Dungeon Overview and Level Annotations

Branches:
Dungeon (5/15)
 Temple: D:4-7

Altars:


Innate Abilities, Weirdness & Mutations

You are a hulking beast.
Your limbs bulge with bestial killing power. (Slay +2)
You can breathe wild blasts of lightning.
Your glossy black scales are hard. (AC +6)
You cannot fit into any form of body armour.
You are resistant to electric shocks. (rElec)
You are cold-blooded and may be slowed by cold attacks.


Message History

You punch the iguana!
The iguana is heavily wounded.
The iguana bites you but does no damage.
The orc closely misses you.
You punch the iguana!
You kill the iguana!
The orc misses you.
You hit the orc but do no damage.
The orc hits you with a +3 flail of holy wrath.
The orc hits you with a +0 war axe!
You closely miss the orc. You tail-slap the orc.
The orc is heavily wounded.
The orc misses you. The orc barely misses you.
You punch the orc!
You kill the orc!
The orc hits you with a +3 flail of holy wrath.
You are too injured to fight recklessly!
You are too injured to fight recklessly!
You are too injured to fight recklessly!
You hit the orc.
The orc is almost dead.
You barely miss the orc. You tail-slap the orc.
You kill the orc!
The orc barely misses you.
You closely miss the ice beast. Your punch misses the ice beast.
The ice beast hits you but does no damage.
The orc hits you with a +0 hand axe.
You barely miss the ice beast. The orc closely misses you.
The ice beast hits you but does no damage.
You barely miss the ice beast.
You tail-slap the ice beast, but do no damage.
The orc closely misses you. The ice beast closely misses you.
You barely miss the ice beast. The orc hits you but does no damage.
The ice beast hits you. The ice beast freezes you!
You feel yourself slow down.
* * * LOW HITPOINT WARNING * * *
The ice beast attacks as it pursues you!
The ice beast hits you.
* * * LOW HITPOINT WARNING * * *
The ice beast freezes you!
You die...

.#...########..###..#....
#.....##...........####.
...............####.###..
........##..........##..#
.....#..............##.##
.....###.##.........##.#
...<.....####...###....#
.......#=............####
......)#h<.......#..## #
.....o)Y.......###>### #
......##.......# #...####
..... ######### ###.....
.... ###### ... # ## #


You could see an ice beast and an orc.

Vanquished Creatures
  A centaur (D:5)
  A phantom (D:5)
  3 scorpions
  3 iguanas
  2 orc wizards
  A gnoll (D:1)
  2 adders
  A white imp (D:4)
  3 ufetubi
  4 worms
  2 dart slugs
  9 orcs
  3 bats
  8 endoplasms
  3 giant cockroaches
  8 goblins
  6 hobgoblins
  A quokka (D:2)
  5 ball pythons
  A frilled lizard (D:3)
  4 rats
71 creatures vanquished.

Notes
Turn   | Place    | Note
-------+----------+-------------------------------------------
     0 | D:1      | CoinPitGoblin the Draconian Shapeshifter began the quest
                  | for the Orb.
     0 | D:1      | Reached XP level 1. HP: 16/16 MP: 1/1
   114 | D:1      | Reached XP level 2. HP: 14/23 MP: 2/2
   685 | D:2      | Reached XP level 3. HP: 18/28 MP: 3/3
  1539 | D:3      | Reached XP level 4. HP: 35/35 MP: 4/4
  1694 | D:3      | Reached skill level 4 in Unarmed Combat
  2069 | D:4      | Noticed a scorpion
  2260 | D:4      | Reached XP level 5. HP: 33/40 MP: 5/5
  2338 | D:4      | Reached skill level 5 in Unarmed Combat
  2384 | D:4      | Reached XP level 6. HP: 28/47 MP: 6/6
  2951 | D:5      | Entered Level 5 of the Dungeon
  3086 | D:5      | Reached skill level 6 in Unarmed Combat
  3346 | D:5      | Your scales start taking on a glossy black colour.
  3346 | D:5      | Reached XP level 7. HP: 54/55 MP: 7/7
  3346 | D:5      | Gained mutation: You are resistant to electric shocks.
                  | (rElec) [Black Draconian growth]
  3359 | D:5      | Slain by an ice beast

Illustrated notes

Levels and vault maps discovered:
D:1:      lightli_arrival_statuegarden, layout_basic
D:2:      minmay_general_purpose_star, layout_basic,
          nicolae_houndstooth_variations
D:3:      layout_rooms, chequers_mini_garden, minmay_ruptured
D:4:      layout_basic
D:5:      layout_rooms, mainiacjoe_overflow_chevrons,
          minmay_temple_entry_purple_smoke, uniq_menkaure

Skill      XL: |  1  2  3  4  5  6 |
---------------+-------------------+-----
Dodging        | 2 3 |  3.2
Unarmed Combat | 4 5 6 |  6.6
Shapeshifting  | 4 |  4.3
Fighting       | 2 |  2.0

Action                     |  1- 3 |  4- 6 |  7- 9 || total
---------------------------+-------+-------+-------++-------
  Melee: Unarmed           |    78 |   116 |    12 ||   206
         Tailslap          |     7 |     9 |     3 ||    19
         Punch             |       |     2 |       ||     2
Ability: Breathe Lightning |       |       |     1 ||     1
    Use: Scroll            |     6 |     5 |       ||    11
   Stab: Sleeping          |     2 |     1 |       ||     3
 Armour: Skin              |    25 |    86 |    12 ||   123
  Dodge: Dodged            |    51 |    59 |     9 ||   119

Table legend: (Time is in decaauts)
 A = Elapsed time spent in this place.
 B = Non-inter-level travel time spent in this place.
 C = Inter-level travel time spent in this place.
 D = Time resting spent in this place.
 E = Time spent auto-exploring this place.
 F = Levels seen in this place.
 G = Mean time per level.
                   A        B        C        D        E       F      G
               +--------+--------+--------+--------+--------+-----+--------+
         Total |   3343 |   2894 |    449 |    288 |   2086 |   5 |  668.6 |
       Dungeon |   3343 |   2894 |    449 |    288 |   2086 |   5 |  668.6 |
               +--------+--------+--------+--------+--------+-----+--------+

Top non-repeatable levels by time:
     D:2: 874 daAuts
     D:4: 868 daAuts
     D:1: 637 daAuts
     D:3: 561 daAuts
     D:5: 402 daAuts
